[Event "HUN-ch U8-U18 2019"]
[Site "Balatonlelle"]
[Date "2019.06.25"]
[Round "6.23"]
[White "Bodo, Boglarka"]
[Black "Buri, Kata"]
[Result "1/2-1/2"]
[ECO "B30"]
[WhiteElo "1646"]
[BlackElo "1393"]
[Annotator "NA"]
[PlyCount "74"]
[EventDate "2019.06.21"]
[EventType "swiss"]
[EventCountry "HUN"]
[SourceTitle "playchess.com"]
[Source "ChessBase"]
[SourceQuality "1"]
[TimeControl "40/5400+30:1800+30"]

1. e4 c5 2. Nf3 Nc6 3. Bb5 e6 4. O-O Nge7 5. c3 a6 6. Ba4 b5 7. Bc2 Bb7 8. d4 cxd4 9. cxd4 Nb4 10. a3 Nxc2 11. Qxc2 Rc8 12. Qe2 Ng6 13. Nc3 Be7 14. Rd1 O-O 15. Be3 d6 16. Rac1 f5 17. d5 fxe4 18. Nd4 Qd7 19. Nxe6 Rf7 20. Qh5 Ne5 21. Nxe4 Rxc1 22. Bxc1 Bxd5 23. N6g5 Bxg5 24. Nxg5 Qf5 25. f4 Qc2 26. Rxd5 Qxc1+ 27. Rd1 Qc5+ 28. Kh1 g6 29. Qh3 Qc2 30. Rf1 Qe2 31. g3 Ng4 32. Nxf7 Nf2+ 33. Rxf2 Qxf2 34. Ng5 Qe1+ 35. Kg2 Qe2+ 36. Kg1 Qe3+ 37. Kg2 Qe2+ 1/2-1/2

[Event "HUN-ch U8-U18 2019"]
[Site "Balatonlelle"]
[Date "2019.06.25"]
[Round "6.23"]
[White "Kasnya, Peter"]
[Black "Megyaszai, Balazs"]
[Result "1-0"]
[ECO "B21"]
[WhiteElo "1496"]
[BlackElo "1905"]
[Annotator "NA"]
[PlyCount "79"]
[EventDate "2019.06.21"]
[EventType "swiss"]
[EventCountry "HUN"]
[SourceTitle "playchess.com"]
[Source "ChessBase"]
[SourceQuality "1"]
[TimeControl "40/5400+30:1800+30"]

1. e4 c5 2. d4 cxd4 3. c3 d3 4. c4 Nc6 5. Bxd3 g6 6. Nf3 Bg7 7. O-O d6 8. h3 Nf6 9. Qe2 O-O 10. Nc3 Bd7 11. Rd1 Ne8 12. Bg5 Nc7 13. Rac1 Ne6 14. Be3 Rc8 15. Bb1 b6 16. b3 Nc5 17. Nd5 Ne6 18. Ng5 Nc7 19. Nf3 Ra8 20. Bg5 Ne6 21. Be3 Bc8 22. Ng5 Nc7 23. a3 Bb7 24. f4 Bc8 25. f5 Ne5 26. Nf3 Nxd5 27. Rxd5 Bb7 28. Rdd1 Nxf3+ 29. Qxf3 Qc7 30. Qg3 Rac8 31. Bg5 Rfe8 32. Be3 Qc6 33. Bf4 Qc5+ 34. Kh1 Qxa3 35. h4 Kh8 36. Rc3 Bxc3 37. Qxc3+ Kg8 38. Bh6 f6 39. fxg6 hxg6 40. e5 1-0

[Event "HUN-ch U8-U18 2019"]
[Site "Balatonlelle"]
[Date "2019.06.25"]
[Round "6.24"]
[White "Toth, Nikoletta"]
[Black "Kobol, Kitti"]
[Result "1-0"]
[ECO "A05"]
[WhiteElo "2010"]
[BlackElo "1318"]
[Annotator "NA"]
[PlyCount "35"]
[EventDate "2019.06.21"]
[EventType "swiss"]
[EventCountry "HUN"]
[SourceTitle "playchess.com"]
[Source "ChessBase"]
[SourceQuality "1"]
[TimeControl "40/5400+30:1800+30"]

1. Nf3 Nf6 2. g3 d5 3. Bg2 Bg4 4. O-O c5 5. c4 Nc6 6. cxd5 Nxd5 7. Nc3 e6 8. Qa4 f5 9. Ne5 Rc8 10. Nxd5 exd5 11. Nxg4 fxg4 12. Qxg4 Nd4 13. e3 Nc2 14. Qa4+ Rc6 15. Qxc2 Be7 16. Qb3 Rd6 17. Qxb7 O-O 18. Qxa7 1-0

[Event "HUN-ch U8-U18 2019"]
[Site "Balatonlelle"]
[Date "2019.06.25"]
[Round "6.24"]
[White "Gergely, Daniel"]
[Black "Turcsanyi, Vince Gergo"]
[Result "1/2-1/2"]
[ECO "A45"]
[WhiteElo "1427"]
[BlackElo "1816"]
[Annotator "NA"]
[PlyCount "51"]
[EventDate "2019.06.21"]
[EventType "swiss"]
[EventCountry "HUN"]
[SourceTitle "playchess.com"]
[Source "ChessBase"]
[SourceQuality "1"]
[TimeControl "40/5400+30:1800+30"]

1. d4 Nf6 2. Bf4 d5 3. e3 e6 4. Nf3 Bd6 5. Bg3 Ne4 6. Bd3 Bxg3 7. hxg3 f5 8. Nbd2 Nd7 9. Bb5 c6 10. Ba4 a5 11. c3 b5 12. Bc2 Ba6 13. a3 O-O 14. Bd3 c5 15. O-O c4 16. Bc2 Rf6 17. Nxe4 dxe4 18. Ne5 Qc7 19. f4 Nxe5 20. dxe5 Rg6 21. Kf2 Rd8 22. Qe2 Qb7 23. Rfd1 Rd5 24. Rd4 Rxd4 25. exd4 Qc6 26. Qe3 1/2-1/2

[Event "HUN-ch U8-U18 2019"]
[Site "Balatonlelle"]
[Date "2019.06.25"]
[Round "6.25"]
[White "Kolimar, Kristof Pal"]
[Black "Zsaki, Akos"]
[Result "1-0"]
[ECO "A06"]
[WhiteElo "1979"]
[BlackElo "1432"]
[Annotator "NA"]
[PlyCount "55"]
[EventDate "2019.06.21"]
[EventType "swiss"]
[EventCountry "HUN"]
[SourceTitle "playchess.com"]
[Source "ChessBase"]
[SourceQuality "1"]
[TimeControl "40/5400+30:1800+30"]

1. Nf3 d5 2. c4 Nf6 3. cxd5 Nxd5 4. g3 e6 5. d4 Bb4+ 6. Bd2 Bxd2+ 7. Qxd2 O-O 8. e4 Nb6 9. Nc3 N8d7 10. O-O-O Nf6 11. Bd3 Qe7 12. Qc2 h6 13. Kb1 c5 14. e5 Nfd5 15. Nxd5 Nxd5 16. Qxc5 Qxc5 17. dxc5 Bd7 18. Nd4 Rac8 19. Rc1 Bc6 20. Rhe1 Rfd8 21. Be4 Rd7 22. f4 Nb4 23. Nxc6 Nxc6 24. Red1 Rcd8 25. Rd6 Nb8 26. Bxb7 Kf8 27. c6 Rxd6 28. exd6 1-0

[Event "HUN-ch U8-U18 2019"]
[Site "Balatonlelle"]
[Date "2019.06.25"]
[Round "6.26"]
[White "Toth, Gergely"]
[Black "Szarka, Tibor"]
[Result "1/2-1/2"]
[ECO "B07"]
[WhiteElo "1485"]
[BlackElo "1379"]
[Annotator "NA"]
[PlyCount "63"]
[EventDate "2019.06.21"]
[EventType "swiss"]
[EventCountry "HUN"]
[SourceTitle "playchess.com"]
[Source "ChessBase"]
[SourceQuality "1"]
[TimeControl "40/5400+30:1800+30"]

1. e4 d6 2. d4 Nf6 3. Nc3 Nbd7 4. Be3 e5 5. Nf3 Be7 6. h3 c6 7. Be2 O-O 8. O-O b5 9. a3 a6 10. Qd2 Bb7 11. dxe5 dxe5 12. Bg5 Qc7 13. b4 Rac8 14. Rad1 c5 15. Nd5 Nxd5 16. exd5 Bxg5 17. Qxg5 cxb4 18. axb4 Qd6 19. Nh4 Qf6 20. Qg4 Nb6 21. d6 Rcd8 22. Rd3 Bc8 23. Qe4 Rxd6 24. Rf3 Qh6 25. c3 Rf6 26. Rd1 Rd6 27. Rxd6 Qxd6 28. Nf5 Bxf5 29. Qxf5 Qe7 30. Bd3 g6 31. Qf6 Qxf6 32. Rxf6 1/2-1/2

[Event "HUN-ch U8-U18 2019"]
[Site "Balatonlelle"]
[Date "2019.06.25"]
[Round "6.27"]
[White "Panda, Barnabas"]
[Black "Karacsonyi, Bank"]
[Result "0-1"]
[ECO "D37"]
[WhiteElo "1722"]
[BlackElo "1529"]
[Annotator "NA"]
[PlyCount "108"]
[EventDate "2019.06.21"]
[EventType "swiss"]
[EventCountry "HUN"]
[SourceTitle "playchess.com"]
[Source "ChessBase"]
[SourceQuality "1"]
[TimeControl "40/5400+30:1800+30"]

1. d4 d5 2. c4 e6 3. Nc3 Nf6 4. Nf3 Be7 5. Bf4 O-O 6. e3 b6 7. Bd3 Bb7 8. O-O Nbd7 9. cxd5 Nxd5 10. Nxd5 Bxd5 11. Qc2 c5 12. Bxh7+ Kh8 13. Be4 Nf6 14. Bxd5 Nxd5 15. Bg3 Rc8 16. Qd2 c4 17. Rac1 b5 18. e4 Nb4 19. Be5 f6 20. Bg3 Nd3 21. Rc2 a5 22. Qe3 Kh7 23. a3 b4 24. axb4 axb4 25. b3 Qa5 26. Rxc4 Rxc4 27. bxc4 Qa3 28. c5 Nb2 29. Qxa3 bxa3 30. h3 Ra8 31. Nd2 e5 32. dxe5 Bxc5 33. exf6 gxf6 34. Nb3 Bb4 35. Bf4 Nd3 36. Be3 Bc3 37. Bd4 Bb2 38. Bxb2 axb2 39. Rb1 Rb8 40. Nd2 Rb4 41. Nf1 Nf4 42. Ng3 Nd3 43. f3 Ra4 44. Ne2 Rc4 45. Kh2 Rc2 46. Nd4 Rc1 47. Rxb2 Nxb2 48. g4 Nd3 49. Kg3 Ne5 50. h4 Rc3 51. h5 Rd3 52. Ne6 Nxf3 53. Kf4 Ne5 54. g5 Rf3# 0-1

[Event "HUN-ch U8-U18 2019"]
[Site "Balatonlelle"]
[Date "2019.06.25"]
[Round "6.28"]
[White "Matyassy, Lazar"]
[Black "Foldes, Marton Gabor"]
[Result "1/2-1/2"]
[ECO "B87"]
[WhiteElo "1539"]
[BlackElo "1653"]
[Annotator "NA"]
[PlyCount "86"]
[EventDate "2019.06.21"]
[EventType "swiss"]
[EventCountry "HUN"]
[SourceTitle "playchess.com"]
[Source "ChessBase"]
[SourceQuality "1"]
[TimeControl "40/5400+30:1800+30"]

1. e4 c5 2. Nf3 e6 3. d4 cxd4 4. Nxd4 Nf6 5. Nc3 d6 6. Bc4 a6 7. Bb3 b5 8. Bg5 Be7 9. O-O Bb7 10. Re1 Nbd7 11. Bxe6 fxe6 12. Nxe6 Qb6 13. Nxg7+ Kf7 14. Nf5 Rhe8 15. Nxe7 Rxe7 16. Nd5 Bxd5 17. Bxf6 Nxf6 18. exd5 Rxe1+ 19. Qxe1 Nxd5 20. Qe4 Nc7 21. Qxh7+ Ke8 22. Re1+ Kd8 23. Re7 Ra7 24. Qf7 Kc8 25. h4 Qd4 26. Qf5+ Kb7 27. h5 Ra8 28. h6 Rh8 29. h7 Qxb2 30. Qd5+ Kb8 31. Qg8+ Kb7 32. Rg7 Qe5 33. Qxh8 Qe1+ 34. Kh2 Qe5+ 35. g3 Qh5+ 36. Kg2 Qd5+ 37. f3 Qd2+ 38. Kh3 Qh6+ 39. Kg4 Qe6+ 40. Kh5 Qe5+ 41. Kg4 Qe6+ 42. Kf4 Qe5+ 43. Kg4 Qe6+ 1/2-1/2

[Event "HUN-ch U8-U18 2019"]
[Site "Balatonlelle"]
[Date "2019.06.25"]
[Round "6.29"]
[White "Giang, Tran Nam"]
[Black "Toth, Barnabas"]
[Result "1/2-1/2"]
[ECO "B02"]
[WhiteElo "2008"]
[BlackElo "1363"]
[Annotator "NA"]
[PlyCount "74"]
[EventDate "2019.06.21"]
[EventType "swiss"]
[EventCountry "HUN"]
[SourceTitle "playchess.com"]
[Source "ChessBase"]
[SourceQuality "1"]
[TimeControl "40/5400+30:1800+30"]

1. e4 Nf6 2. e5 Nd5 3. Nc3 Nb6 4. d4 d6 5. f4 dxe5 6. fxe5 Bf5 7. Nf3 e6 8. Be2 Be7 9. O-O O-O 10. Be3 Nc6 11. Qd2 Nd5 12. Nxd5 exd5 13. c3 f6 14. Bf4 Qd7 15. Rae1 fxe5 16. Nxe5 Nxe5 17. Bxe5 Bd6 18. Bf3 c6 19. Bxd6 Qxd6 20. Re5 Bg6 21. Rfe1 Rae8 22. Qg5 Rxe5 23. Rxe5 Qf6 24. Qe3 Be4 25. Be2 Qf4 26. Qxf4 Rxf4 27. g3 Rf5 28. Rxf5 Bxf5 29. Kf2 Kf7 30. Ke3 g5 31. c4 Be6 32. b3 h6 33. cxd5 Bxd5 34. Bc4 Ke6 35. Bxd5+ cxd5 36. g4 Kd6 37. Kd3 b5 1/2-1/2

[Event "HUN-ch U8-U18 2019"]
[Site "Balatonlelle"]
[Date "2019.06.25"]
[Round "6.30"]
[White "Csernyik, Mark"]
[Black "Havasi, Gergely Bulcsu"]
[Result "1/2-1/2"]
[ECO "B00"]
[WhiteElo "1704"]
[BlackElo "1486"]
[Annotator "NA"]
[PlyCount "86"]
[EventDate "2019.06.21"]
[EventType "swiss"]
[EventCountry "HUN"]
[SourceTitle "playchess.com"]
[Source "ChessBase"]
[SourceQuality "1"]
[TimeControl "40/5400+30:1800+30"]

1. e4 d6 2. d4 c6 3. Nf3 Bg4 4. h3 Bh5 5. Nc3 e6 6. Bf4 Qb6 7. Qd3 Bg6 8. Nh4 a6 9. Nxg6 hxg6 10. O-O-O Nd7 11. d5 e5 12. Be3 Qc7 13. f4 c5 14. f5 Ne7 15. g4 b5 16. h4 c4 17. Qd2 Nc5 18. a3 Rb8 19. Bxc5 Qxc5 20. Na2 Qb6 21. Be2 a5 22. c3 Qc5 23. Rdf1 f6 24. fxg6 Nxg6 25. g5 Nf4 26. gxf6 gxf6 27. Kb1 Rb7 28. Rfg1 Bh6 29. Qd1 Kd8 30. h5 Qe3 31. Bf3 Qd3+ 32. Qxd3 Nxd3 33. Rh3 Nf4 34. Rhg3 Bg5 35. Nc1 Rbh7 36. Rh1 a4 37. Ne2 Ke7 38. Nxf4 exf4 39. Rgh3 Rh6 40. Kc2 Kd8 41. Kd2 Kc7 42. Ke2 Re8 43. Rg1 Rhh8 1/2-1/2

[Event "HUN-ch U8-U18 2019"]
[Site "Balatonlelle"]
[Date "2019.06.25"]
[Round "6.31"]
[White "Biro, Daniel"]
[Black "Vadkerti, Vince"]
[Result "0-1"]
[ECO "D02"]
[WhiteElo "1343"]
[BlackElo "1558"]
[Annotator "NA"]
[PlyCount "66"]
[EventDate "2019.06.21"]
[EventType "swiss"]
[EventCountry "HUN"]
[SourceTitle "playchess.com"]
[Source "ChessBase"]
[SourceQuality "1"]
[TimeControl "40/5400+30:1800+30"]

1. Nf3 d5 2. d4 Nf6 3. g3 c6 4. Bg2 e6 5. O-O Be7 6. c4 Nbd7 7. Nc3 dxc4 8. Ne5 Nxe5 9. dxe5 Nd5 10. Nxd5 exd5 11. Bd2 b5 12. a3 Bf5 13. Bc3 O-O 14. Qd4 Qb6 15. Qf4 Bg6 16. h4 f6 17. Bh3 fxe5 18. Qxe5 Bf6 19. Qe6+ Bf7 20. Qd6 Bxc3 21. bxc3 Rad8 22. Qf4 Kh8 23. Qd2 Rd6 24. e3 c5 25. Rfd1 Rfd8 26. Qc2 Bg6 27. Bf5 Bxf5 28. Qxf5 d4 29. exd4 cxd4 30. Qe5 d3 31. Rab1 Rf8 32. Rd2 Re6 33. Qxb5 Re1+ 0-1

[Event "HUN-ch U8-U18 2019"]
[Site "Balatonlelle"]
[Date "2019.06.25"]
[Round "6.32"]
[White "Kovacs, Kristof"]
[Black "Varga, Boldizsar"]
[Result "1/2-1/2"]
[ECO "C77"]
[WhiteElo "1435"]
[BlackElo "1804"]
[Annotator "NA"]
[PlyCount "83"]
[EventDate "2019.06.21"]
[EventType "swiss"]
[EventCountry "HUN"]
[SourceTitle "playchess.com"]
[Source "ChessBase"]
[SourceQuality "1"]
[TimeControl "40/5400+30:1800+30"]

1. e4 e5 2. Nf3 Nc6 3. Bb5 Nf6 4. Nc3 a6 5. Ba4 b5 6. Bb3 Bc5 7. O-O O-O 8. d3 h6 9. Be3 Bb4 10. Nd5 Re8 11. Nxb4 Nxb4 12. c3 Nc6 13. Qd2 Ng4 14. h3 Nxe3 15. fxe3 Na5 16. Bc2 d6 17. b4 Nc6 18. Qf2 Be6 19. d4 Bc4 20. Rfe1 f6 21. Nh4 Ne7 22. a3 a5 23. g4 c6 24. Nf5 Nxf5 25. Qxf5 Be6 26. Qf3 a4 27. d5 Bd7 28. Rad1 Qe7 29. Rd2 Red8 30. Red1 Rac8 31. Bb1 c5 32. bxc5 Rxc5 33. Rc1 Rdc8 34. Rdc2 Be8 35. Ba2 Qf7 36. c4 h5 37. Kf2 hxg4 38. hxg4 Bd7 39. Kg3 Qg6 40. Rc3 R5c7 41. R3c2 Rc5 42. Rc3 1/2-1/2

[Event "HUN-ch U8-U18 2019"]
[Site "Balatonlelle"]
[Date "2019.06.25"]
[Round "6.33"]
[White "Kerekes, Laszlo Fulop"]
[Black "Lehocz, Jozsef Jr."]
[Result "1/2-1/2"]
[ECO "B01"]
[WhiteElo "1320"]
[BlackElo "1382"]
[Annotator "NA"]
[PlyCount "52"]
[EventDate "2019.06.21"]
[EventType "swiss"]
[EventCountry "HUN"]
[SourceTitle "playchess.com"]
[Source "ChessBase"]
[SourceQuality "1"]
[TimeControl "40/5400+30:1800+30"]

1. e4 d5 2. exd5 Qxd5 3. Nc3 Qd6 4. Nf3 Bg4 5. h3 Bxf3 6. Qxf3 c6 7. Bc4 e6 8. O-O Nf6 9. d3 Be7 10. Re1 O-O 11. Bf4 Qb4 12. a3 Qxb2 13. Be5 Nbd7 14. Bd4 c5 15. Reb1 Qxc2 16. Ra2 Qxb1+ 17. Nxb1 cxd4 18. Nd2 Nc5 19. Nb3 Nxb3 20. Bxb3 Bd6 21. Rd2 Bxa3 22. Bc4 Rfb8 23. Ra2 Bd6 24. Rb2 b6 25. g3 a6 26. Qc6 Bc5 1/2-1/2

[Event "HUN-ch U8-U18 2019"]
[Site "Balatonlelle"]
[Date "2019.06.25"]
[Round "6.34"]
[White "Pasti, Zsombor"]
[Black "Nagy, Levente"]
[Result "1-0"]
[ECO "B38"]
[WhiteElo "1641"]
[BlackElo "2092"]
[Annotator "NA"]
[PlyCount "147"]
[EventDate "2019.06.21"]
[EventType "swiss"]
[EventCountry "HUN"]
[SourceTitle "playchess.com"]
[Source "ChessBase"]
[SourceQuality "1"]
[TimeControl "40/5400+30:1800+30"]

1. e4 c5 2. c4 Nc6 3. Ne2 g6 4. d4 cxd4 5. Nxd4 Bg7 6. Be3 Nf6 7. Nc3 O-O 8. g3 Ng4 9. Qxg4 Nxd4 10. Qd1 Nc6 11. Bg2 d6 12. O-O Be6 13. Nd5 Qd7 14. Rb1 Bh3 15. b4 Bxg2 16. Kxg2 e6 17. Nf4 Ne5 18. c5 dxc5 19. Bxc5 Rfd8 20. Qb3 Qc6 21. Rbc1 Qxe4+ 22. f3 Qf5 23. Qe3 Nd3 24. Nxd3 Rxd3 25. Qe2 Rad8 26. Rcd1 b6 27. Be7 R8d7 28. g4 Qd5 29. Rxd3 Qxd3 30. Qxd3 Rxd3 31. Rc1 h6 32. Rc8+ Kh7 33. Rc2 Rd7 34. Bh4 Bf8 35. b5 Bc5 36. Bg3 f5 37. Kf1 Rd1+ 38. Ke2 Rb1 39. a4 Rb4 40. Ra2 fxg4 41. fxg4 Rxg4 42. Kf3 Rd4 43. Bb8 Rd7 44. Ke4 Rd8 45. Bc7 Rc8 46. Bg3 g5 47. Ke5 Re8 48. Kf6 e5 49. Bxe5 Rf8+ 50. Ke6 Re8+ 51. Kd5 Rd8+ 52. Kc6 Re8 53. Bd6 Bxd6 54. Kxd6 Rc8 55. Re2 Kg6 56. Re7 Rc2 57. Rxa7 Rxh2 58. Rb7 g4 59. Rxb6 g3 60. Rb8 Kh5 61. a5 Ra2 62. a6 g2 63. Rg8 Kh4 64. Rxg2 Rxg2 65. a7 Ra2 66. b6 Ra6 67. Kc7 Kg4 68. Kb7 Ra1 69. a8=Q Rxa8 70. Kxa8 h5 71. b7 h4 72. b8=Q h3 73. Qh2 Kh4 74. Kb7 1-0

[Event "HUN-ch U8-U18 2019"]
[Site "Balatonlelle"]
[Date "2019.06.25"]
[Round "6.35"]
[White "Megyeri, Martin"]
[Black "Toth, Rafael"]
[Result "1-0"]
[ECO "B02"]
[WhiteElo "1520"]
[BlackElo "1178"]
[Annotator "NA"]
[PlyCount "47"]
[EventDate "2019.06.21"]
[EventType "swiss"]
[EventCountry "HUN"]
[SourceTitle "playchess.com"]
[Source "ChessBase"]
[SourceQuality "1"]
[TimeControl "40/5400+30:1800+30"]

1. e4 Nf6 2. e5 Nd5 3. Nc3 Nb6 4. Nf3 d6 5. exd6 cxd6 6. Bb5+ Bd7 7. Bxd7+ N8xd7 8. O-O e5 9. d4 Be7 10. dxe5 Nxe5 11. Re1 Nxf3+ 12. Qxf3 d5 13. Bg5 f6 14. Bf4 O-O 15. Rad1 Bb4 16. a3 Bxc3 17. Qxc3 Rc8 18. Qd3 Re8 19. Qb5 Rxe1+ 20. Rxe1 Qd7 21. Qe2 Qf5 22. Bg3 Qxc2 23. Qe6+ Kh8 24. Qe8+ 1-0

[Event "HUN-ch U8-U18 2019"]
[Site "Balatonlelle"]
[Date "2019.06.25"]
[Round "6.36"]
[White "Csontos, Aron"]
[Black "Berla, Zoltan Mate"]
[Result "1-0"]
[ECO "B22"]
[WhiteElo "1376"]
[BlackElo "1098"]
[Annotator "NA"]
[PlyCount "83"]
[EventDate "2019.06.21"]
[EventType "swiss"]
[EventCountry "HUN"]
[SourceTitle "playchess.com"]
[Source "ChessBase"]
[SourceQuality "1"]
[TimeControl "40/5400+30:1800+30"]

1. e4 c5 2. c3 d5 3. exd5 Qxd5 4. d4 Nf6 5. Nf3 e6 6. Be2 Nc6 7. h3 cxd4 8. cxd4 Bb4+ 9. Nc3 Ne4 10. Bd2 Nxc3 11. bxc3 Be7 12. O-O O-O 13. Be3 Rd8 14. Bd3 e5 15. c4 Qd6 16. d5 Nb4 17. Be4 f5 18. c5 Qa6 19. d6 Bf6 20. Qb3+ Kh8 21. Qxb4 fxe4 22. Qxe4 Re8 23. Rfd1 Bd7 24. Rab1 Bc6 25. Qc2 Bxf3 26. gxf3 Qc6 27. Qe4 Qxe4 28. fxe4 Rab8 29. Kf1 a6 30. Ke2 Kg8 31. Kd3 Kf7 32. Kc4 Ke6 33. a4 Kd7 34. Kd5 Rec8 35. Rg1 g6 36. f4 Re8 37. Rb3 Bd8 38. fxe5 Re6 39. Rf1 h5 40. Rfb1 b6 41. c6+ Ke8 42. c7 1-0

[Event "HUN-ch U8-U18 2019"]
[Site "Balatonlelle"]
[Date "2019.06.26"]
[Round "7.1"]
[White "Koltai, Dora"]
[Black "Pasti, Anna"]
[Result "1-0"]
[ECO "B22"]
[WhiteElo "1773"]
[BlackElo "1955"]
[Annotator "NA RC"]
[PlyCount "85"]
[EventDate "2019.06.21"]
[EventType "swiss"]
[EventCountry "HUN"]
[SourceTitle "playchess.com"]
[Source "ChessBase"]
[SourceQuality "1"]
[TimeControl "40/5400+30:1800+30"]

1. e4 c5 2. c3 d5 3. exd5 Qxd5 4. d4 Nf6 5. Nf3 Nc6 6. Be2 e6 7. Na3 a6 8. Nc4 Qd8 9. O-O cxd4 10. Nxd4 Nxd4 11. cxd4 b5 12. Ne5 Bb7 13. Bg5 Be7 14. Bf3 Nd5 15. Bxe7 Qxe7 16. Rc1 O-O 17. Nc6 Qd7 18. Bxd5 exd5 19. Ne5 Qd6 20. Rc5 Rac8 21. b4 a5 22. a3 Rxc5 23. bxc5 Qc7 24. Qb3 f6 25. Nf3 Bc6 26. Re1 Qd7 27. Qc3 Ra8 28. h3 Qb7 29. Rb1 Qc7 30. Re1 Rb8 31. Rb1 Bd7 32. Ne1 Bf5 33. Nd3 Qc6 34. Re1 b4 35. axb4 Qb5 36. Nb2 Qxb4 37. Nd1 Qa4 38. Ne3 Rb3 39. Qa1 Ra3 40. Qc1 Be6 41. c6 Rb3 42. c7 Qd7 43. Nxd5 1-0

[Event "HUN-ch U8-U18 2019"]
[Site "Balatonlelle"]
[Date "2019.06.26"]
[Round "7.1"]
[White "Deak-Sala, Emilia"]
[Black "Markus, Molli Amina"]
[Result "0-1"]
[ECO "B23"]
[WhiteElo "1415"]
[BlackElo "1755"]
[Annotator "NA RC"]
[PlyCount "106"]
[EventDate "2019.06.21"]
[EventType "swiss"]
[EventCountry "HUN"]
[SourceTitle "playchess.com"]
[Source "ChessBase"]
[SourceQuality "1"]
[TimeControl "40/5400+30:1800+30"]

1. e4 c5 2. Nc3 e6 3. Nge2 Nc6 4. g3 a6 5. d4 cxd4 6. Nxd4 d6 7. Bg2 Qc7 8. Be3 Nf6 9. O-O Bd7 10. a3 Be7 11. f4 Nxd4 12. Bxd4 Bc6 13. Bf2 O-O 14. g4 b5 15. g5 Nd7 16. h4 Qb7 17. Qg4 f5 18. gxf6 Rxf6 19. h5 Raf8 20. Bh4 R6f7 21. Bg3 Nc5 22. Rae1 Bf6 23. Bh4 Bxc3 24. bxc3 Bxe4 25. Bxe4 Nxe4 26. Qxe6 Qb6+ 27. Bf2 Nxf2 28. Rxf2 Kh8 29. Re3 h6 30. Qe4 Qc5 31. c4 bxc4 32. Kg2 d5 33. Qe6 Qd4 34. Ref3 Rf6 35. Qg4 Qe4 36. Kh3 R8f7 37. f5 Qe5 38. Qg3 Qe7 39. Qg4 Qd7 40. Rf4 Re7 41. R4f3 Re4 42. Qg3 Qe8 43. Rf4 Qxh5+ 44. Rh4 Rxh4+ 45. Qxh4 Rxf5 46. Qxh5 Rxh5+ 47. Kg4 Rg5+ 48. Kf4 g6 49. Rh2 Kg7 50. c3 Rf5+ 51. Kg4 h5+ 52. Kg3 Kf6 53. Rd2 g5 0-1

[Event "HUN-ch U8-U18 2019"]
[Site "Balatonlelle"]
[Date "2019.06.26"]
[Round "7.2"]
[White "Juhasz, Judit"]
[Black "Ivan, Reka Gyongyver"]
[Result "1-0"]
[ECO "B12"]
[WhiteElo "1963"]
[BlackElo "1619"]
[Annotator "NA RC"]
[PlyCount "81"]
[EventDate "2019.06.21"]
[EventType "swiss"]
[EventCountry "HUN"]
[SourceTitle "playchess.com"]
[Source "ChessBase"]
[SourceQuality "1"]
[TimeControl "40/5400+30:1800+30"]

1. e4 c6 2. d4 d5 3. e5 Bf5 4. h4 h5 5. Bd3 Bxd3 6. Qxd3 Qa5+ 7. Nd2 e6 8. Ngf3 Qa6 9. c4 Nh6 10. O-O Be7 11. b3 Nf5 12. g3 Nd7 13. a4 O-O 14. Rd1 Rfd8 15. Qc2 dxc4 16. bxc4 Qa5 17. Bb2 Nb6 18. Bc3 Qa6 19. Qb3 Rac8 20. a5 Nd7 21. Ne4 Rc7 22. Nfg5 b6 23. axb6 Qxb6 24. Qa4 Qb7 25. Ba5 Nb6 26. Qa2 Rcd7 27. c5 Nxd4 28. Rdb1 Nb5 29. cxb6 axb6 30. Bd2 Rd5 31. Bf4 Rd4 32. Qc2 Qd7 33. Nf6+ Bxf6 34. Qh7+ Kf8 35. exf6 gxf6 36. Ne4 Ke7 37. Re1 Rd5 38. Qg7 Rf5 39. Nxf6 Qd4 40. Rxe6+ Kxe6 41. Re1+ {[%emt 0:02:06] Kd5} 1-0

[Event "HUN-ch U8-U18 2019"]
[Site "Balatonlelle"]
[Date "2019.06.26"]
[Round "7.2"]
[White "Kiraly, Lilla Virag"]
[Black "Suli, Henrietta"]
[Result "0-1"]
[ECO "C27"]
[WhiteElo "1557"]
[BlackElo "1107"]
[Annotator "NA RC"]
[PlyCount "48"]
[EventDate "2019.06.21"]
[EventType "swiss"]
[EventCountry "HUN"]
[SourceTitle "playchess.com"]
[Source "ChessBase"]
[SourceQuality "1"]
[TimeControl "40/5400+30:1800+30"]

1. e4 e5 2. Nc3 Nf6 3. Bc4 Nxe4 4. Qh5 Nd6 5. Qxe5+ Qe7 6. Qxe7+ Bxe7 7. Bb3 b5 8. Nf3 Bb7 9. Nd4 a6 10. Bd5 c6 11. Bf3 Bf6 12. Nb3 Nc4 13. Ne4 Be5 14. c3 d5 15. Nec5 Bc8 16. d3 Nd6 17. a4 Nd7 18. axb5 Nxb5 19. c4 Nxc5 20. Nxc5 Nd4 21. Bd1 Bd6 22. Nb3 c5 23. Nxd4 cxd4 24. Bf3 Ra7 0-1

[Event "HUN-ch U8-U18 2019"]
[Site "Balatonlelle"]
[Date "2019.06.26"]
[Round "7.3"]
[White "Lukacs, Anna Kata"]
[Black "Gombocz, Zsofia"]
[Result "1-0"]
[ECO "C29"]
[WhiteElo "1915"]
[BlackElo "2077"]
[Annotator "NA RC"]
[PlyCount "101"]
[EventDate "2019.06.21"]
[EventType "swiss"]
[EventCountry "HUN"]
[SourceTitle "playchess.com"]
[Source "ChessBase"]
[SourceQuality "1"]
[TimeControl "40/5400+30:1800+30"]

1. e4 e5 2. Nc3 Nf6 3. f4 d5 4. fxe5 Nxe4 5. Qf3 f5 6. Nh3 Bc5 7. d3 Nxc3 8. bxc3 d4 9. Bg5 Qd7 10. Nf4 O-O 11. e6 Qc6 12. Be2 dxc3 13. e7 Re8 14. Qd5+ Qxd5 15. Nxd5 Bd6 16. Bh5 g6 17. Nf6+ Kf7 18. Nxe8 Kxe8 19. Bf3 Bxe7 20. Bxe7 Kxe7 21. Rb1 c6 22. Kf2 Nd7 23. Rhe1+ Kf7 24. Rb3 Nb6 25. Rxc3 Be6 26. Rc5 Nd7 27. Ra5 a6 28. a3 Ra7 29. Ra4 a5 30. Rd4 Ke7 31. g4 c5 32. Rf4 Kf6 33. gxf5 Bxf5 34. Be4 Ne5 35. Rb1 Kg5 36. Kg3 Nd7 37. h4+ Kf6 38. Rxb7 Rxb7 39. Bxb7 Nb6 40. Be4 Ke5 41. Bxf5 gxf5 42. Rf1 Nd5 43. Kf3 Kd4 44. Ke2 f4 45. Kd2 Ke5 46. Rg1 Ne3 47. Rg7 h6 48. Ra7 Nf5 49. Rxa5 Kd5 50. Ra4 Ke5 51. Rc4 1-0

[Event "HUN-ch U8-U18 2019"]
[Site "Balatonlelle"]
[Date "2019.06.26"]
[Round "7.3"]
[White "Nandin-Erdene, Davaademberel"]
[Black "Karacsonyi, Luca"]
[Result "0-1"]
[ECO "B33"]
[WhiteElo "1581"]
[BlackElo "1470"]
[Annotator "NA RC"]
[PlyCount "110"]
[EventDate "2019.06.21"]
[EventType "swiss"]
[EventCountry "HUN"]
[SourceTitle "playchess.com"]
[Source "ChessBase"]
[SourceQuality "1"]
[TimeControl "40/5400+30:1800+30"]

1. e4 c5 2. Nf3 Nc6 3. d4 cxd4 4. Nxd4 Nf6 5. Nc3 e5 6. Ndb5 d6 7. Bg5 a6 8. Na3 b5 9. Nd5 Be7 10. Bxf6 Bxf6 11. c4 bxc4 12. Nxc4 Nd4 13. Ndb6 Rb8 14. Qa4+ Bd7 15. Nxd6+ Ke7 16. Nxd7 Qxd7 17. Nf5+ Ke8 18. Qxd7+ Kxd7 19. Rd1 Rxb2 20. f4 Ke8 21. Nxd4 exd4 22. a4 Bh4+ 23. g3 Rxh2 24. Rg1 Bd8 25. Bxa6 h5 26. Rxd4 Bb6 27. Bb5+ Kf8 28. Rd6 Bxg1 29. Rd8+ Ke7 30. Rxh8 Bf2+ 31. Kf1 Bxg3 32. e5 Ke6 33. Bc4+ Kf5 34. Bxf7 Bxf4 35. e6 Bd6 36. Rd8 Be7 37. Rd5+ Kf6 38. a5 h4 39. Kg1 Ra2 40. Rh5 Ra4 41. Kg2 Ra3 42. Kf2 Bd8 43. Rxh4 Rxa5 44. Rg4 Rg5 45. Rd4 Bb6 46. Ke3 Rg4 47. Kf3 Rxd4 48. Kg3 Re4 49. Kf3 Rxe6 50. Bxe6 Kxe6 51. Kg4 Kf6 52. Kf4 g5+ 53. Kg4 Kg6 54. Kg3 Kf5 55. Kf3 g4+ 0-1